 Dungeon Crawl Stone Soup version 0.27-a0-170-g607d9e9d85 (webtiles) character file.

Game seed: 16364280787778501145

16747 tsouns the Grappler (level 12, 0/106 HPs)
             Began as a Grey Draconian Transmuter on Jan 28, 2021.
             Was an Initiate of Gozag.
             Slain by an alligator (26 damage)
             ... on level 4 of the Lair of Beasts on Jan 29, 2021.
             The game lasted 00:32:22 (15956 turns).

tsouns the Grappler (Grey Draconian Transmuter)    Turns: 15956, Time: 00:32:23

Health: 0/106      AC: 17    Str: 15    XL:     12   Next: 12%
Magic:  18/22      EV: 13    Int: 17    God:    Gozag
Gold:   2406       SH:  4    Dex: 11    Spells: 11/24 levels left

rFire    . . .     SeeInvis .     - Unarmed
rCold    . . .     Faith    .   t - +0 buckler
rNeg     . . .     Spirit   .   (armour unavailable)
rPois    +         Reflect  .   (helmet restricted)
rElec    .         Harm     .   (no cloak)
rCorr    .         Rampage  .   (no gloves)
Will     +....                  (no boots)
Stlth    +.........             E - amulet of regeneration
HPRegen  0.67/turn              d - +4 ring of protection
MPRegen  0.18/turn              I - ring "Nantier" {rPois Will+ Slay+3}

@: very slightly contaminated
A: walk through water, unfitting armour, unbreathing, cold-blooded, AC +13
a: Renounce Religion, Potion Petition, Call Merchant, Bribe Branch


You were on level 4 of the Lair of Beasts.
You worshipped Gozag.
Gozag was most pleased with you.
You visited 2 branches of the dungeon, and saw 13 of its levels.
You also visited: Ossuary.

You collected 2484 gold pieces.
You paid 78 gold pieces to Gozag.

Inventory:

Missiles
 a - 58 poisoned darts (quivered)
 e - 172 stones
 j - a throwing net
 n - 8 atropa-tipped darts
 B - 5 boomerangs
Armour
 t - a +0 buckler (worn)
 K - a +0 tower shield
Jewellery
 d - a +4 ring of protection (left hand)
 D - a +4 ring of protection
 E - an amulet of regeneration (around neck)
 I - the ring "Nantier" (right hand) {rPois Will+ Slay+3}
   (You found it on level 2 of the Lair of Beasts)

   [ring of willpower]

   It affects your accuracy and damage with ranged weapons and melee attacks
   (+3).
   It protects you from poison.
   It affects your willpower, your defense against some magical effects.
Wands
 q - a wand of flame (59)
 z - a wand of polymorph (12)
 F - a wand of enslavement (9)
 G - a wand of digging (6)
 L - a wand of paralysis (11)
Scrolls
 b - 4 scrolls of amnesia
 c - 8 scrolls of remove curse
 f - 7 scrolls of enchant weapon
 g - 6 scrolls of identify
 h - 5 scrolls of blinking
 m - 2 scrolls of immolation
 o - 7 scrolls of teleportation
 r - 2 scrolls of fear
 s - a scroll of fog
 y - 2 scrolls of magic mapping
 M - a scroll of enchant armour
 N - a scroll of summoning {unknown}
Potions
 i - 4 potions of lignification
 k - 2 potions of might
 l - 9 potions of curing
 p - 2 potions of heal wounds
 u - 2 potions of attraction
 v - a potion of resistance
 w - 5 potions of magic
 x - 2 potions of haste
 C - a potion of invisibility
 H - 2 potions of brilliance
 J - a potion of flight
Miscellaneous
 A - a phantom mirror (inert)


   Skills:
 + Level 10.2 Fighting
 + Level 3.5 Dodging
 - Level 4.0 Shields
 * Level 13.1 Unarmed Combat
 - Level 6.9 Spellcasting
 - Level 8.3 Transmutations


You had 11 spell levels left.
You knew the following spells:

 Your Spells              Type           Power        Failure   Level
a - Beastly Appendage     Tmut           68%          1%          1
b - Wereblood             Tmut           34%          1%          2
c - Spider Form           Tmut/Pois      10%          6%          3
d - Blade Hands           Tmut           17%          11%         5
e - Poisonous Vapours     Pois/Air       10%          19%         2

Your spell library contained the following spells:

 Spells                   Type           Power        Failure   Level
 Animate Skeleton         Necr           10%          12%         1
 Apportation              Tloc           10%          12%         1
 Corona                   Hex            5%           12%         1
 Magic Dart               Conj           20%          12%         1
 Summon Small Mammal      Summ           20%          12%         1
 Searing Ray              Conj           10%          19%         2
 Ice Form                 Ice/Tmut       20%          22%         4
 Conjure Flame            Conj/Fire      5%           34%         3
 Dazzling Flash           Conj/Hex       10%          34%         3
 Mephitic Cloud           Conj/Pois/Air  5%           34%         3
 Static Discharge         Conj/Air       5%           34%         3
 Fulminant Prism          Conj/Hex       2%           75%         4
 Iskenderun's Mystic Bla  Conj/Tloc      5%           75%         4
 Lightning Bolt           Conj/Air       2%           97%         5
 Freezing Cloud           Conj/Ice/Air   2%           100%        6
 Ignition                 Fire           2%           100%        8
 Shatter                  Erth           2%           100%        9
 Tornado                  Air            2%           100%        9


Dungeon Overview and Level Annotations

Branches:
Dungeon (8/15)             Temple (0/1) D:7            Lair (5/6) D:8
 Spider (0/4) Lair:3      Ossuary (visited)
  Swamp: Lair:2-4    Shoals: Lair:2-4     Slime: Lair:5-6

Altars:
Ashenzari
Cheibriados
Dithmenos
Gozag
Makhleb
Okawaru
Ru
Trog
Uskayaw
Wu Jian
Yredelemnul
The Shining One
Lugonu

Portals:
Abyss: D:6


Innate Abilities, Weirdness & Mutations

You can walk through water.
Your dull iron-grey scales are very hard. (AC +13)
You cannot fit into any form of body armour.
You can survive without breathing.
You are cold-blooded and may be slowed by cold attacks.


Message History

You punch the alligator!
The alligator is moderately wounded.
The alligator puts on a burst of speed!
You punch the alligator!
The alligator is heavily wounded.
The alligator bites you! The alligator tail-slaps you!
You closely miss the alligator. You tail-slap the alligator.
The alligator is heavily wounded.
The alligator bites you!! The alligator tail-slaps you!
* * * LOW HITPOINT WARNING * * *
You are too injured to fight recklessly!
You punch the alligator!
The alligator is severely wounded.
You block the alligator's attack. The alligator tail-slaps you.
* * * LOW HITPOINT WARNING * * *
You punch the alligator!
The alligator is severely wounded.
The alligator bites you!!
You die...
Your body crumbles into a pile of gold.

#≈≈≈≈≈≈#.............# ≈
≈.≈..≈.#.............###
... #.≈P≈..##...........#
≈..≈##≈≈≈≈..###.....P##..##
...≈≈≈≈≈≈≈####.......#..#.#
$
.≈k≈#≈≈≈#≈####.....[....##
≈≈#≈°≈#≈≈.#.P#.........##
.≈≈≈≈≈°#≈t).....#.......P##
≈.≈≈≈≈≈≈≈#@.####...........
.≈≈≈≈≈#≈t#..####..........#
.≈.≈≈≈#≈≈#...##...........#
≈≈≈≈.≈≈≈≈#..#.###.........#
.w≈≈.≈≈#≈#.....##..........
≈.$≈≈#..##.#..#......>.
≈#≈≈≈##>..##...#......P.
##≈≈$# #...#...........##
#.##.#..........#


You could see an alligator (swift).

Vanquished Creatures
  2 hydras
  A catoblepas (Lair:4)
  A death yak (D:8)
  A swamp dragon (Lair:4)
  An elephant (D:8)
  4 cane toads
  A rime drake (Lair:2)
  4 komodo dragons
  3 polar bears
  6 blink frogs (Lair:3)
  6 yaks (Lair:2)
  A wyvern (Lair:4)
  3 basilisks
  4 vampire mosquitoes (Lair:4)
  3 swamp worms (Lair:4)
  7 water moccasins
  4 orc warriors
  A swamp drake (Lair:4)
  A sky beast (D:8)
  8 ice beasts (Lair:3)
  3 phantoms
  A necrophage (D:6)
  A black bear (Lair:4)
  17 wolves
  3 ogres
  3 boggarts (Lair:4)
  4 centaurs
  10 bullfrogs
  4 scorpions
  A water moccasin skeleton (D:6)
  4 wights
  A bullfrog zombie (D:8)
  2 hounds
  2 jellies (D:7)
  7 orc priests
  9 orc wizards
  An iron imp (D:5)
  Jessica (D:2)
  Terence (D:2)
  2 iguanas (D:5)
  7 worker ants
  A killer bee zombie (D:6)
  2 big kobold zombies (Ossuary)
  8 mummies (Ossuary)
  A worker ant zombie (D:5)
  A howler monkey zombie (D:5)
  3 gnolls (D:2)
  8 adders
  4 shadow imps
  4 white imps
  2 adder zombies (D:6)
  2 worms (D:3)
  A dart slug (D:1)
  6 leopard geckos
  19 orcs
  10 giant cockroaches
  3 gnoll zombies (Ossuary)
  8 goblins
  7 hobgoblins
  5 jackals
  4 quokkas
  2 ball pythons
  4 bats
  12 frilled lizards
  6 kobolds
  2 kobold zombies (Ossuary)
  A leopard gecko skeleton (D:8)
  An orc zombie (Ossuary)
  8 rats
281 creatures vanquished.

Vanquished Creatures (collateral kills)
  A blink frog (Lair:3)
1 creature vanquished.

Vanquished Creatures (others)
  8 fungi
  2 lurking horrors (D:6)
  32 plants
42 creatures vanquished.

Grand Total: 324 creatures vanquished

Notes
Turn   | Place    | Note
-------+----------+-------------------------------------------
     0 | D:1      | tsouns the Draconian Transmuter began the quest for the
                  | Orb.
     0 | D:1      | Reached XP level 1. HP: 16/16 MP: 3/3
   385 | D:1      | Reached XP level 2. HP: 10/23 MP: 3/5
   874 | D:1      | Learned a level 2 spell: Wereblood
  1280 | D:2      | You fall into a shaft and drop 2 floors!
  1422 | D:3      | Reached XP level 3. HP: 21/29 MP: 2/6
  1661 | D:2      | Noticed Terence
  1679 | D:2      | Noticed Jessica
  1682 | D:2      | Killed Terence
  1683 | D:2      | Reached skill level 4 in Unarmed Combat
  1683 | D:2      | Reached XP level 4. HP: 11/36 MP: 4/7
  1688 | D:2      | Killed Jessica
  1970 | D:2      | Learned a level 3 spell: Spider Form
  2084 | D:2      | Reached XP level 5. HP: 42/42 MP: 8/8
  2113 | D:2      | Found a burning altar of Makhleb.
  2709 | D:3      | HP: 2/45 [poisoned by a scorpion]
  2961 | D:3      | Reached skill level 5 in Unarmed Combat
  3177 | D:3      | Noticed a +0 dagger
  3177 | D:3      | Noticed a +0 dagger
  3180 | D:3      | Found a hide-covered altar of Uskayaw.
  3255 | D:3      | Reached XP level 6. HP: 33/51 MP: 9/9
  4703 | D:4      | Found a glowing golden altar of the Shining One.
  5103 | D:5      | Entered Level 5 of the Dungeon
  5112 | D:5      | Reached skill level 6 in Unarmed Combat
  5167 | D:5      | Your scales start taking on a dull iron-grey colour.
  5167 | D:5      | Reached XP level 7. HP: 52/59 MP: 7/10
  5167 | D:5      | Gained mutation: You can survive without breathing. [Grey
                  | Draconian growth]
  5448 | D:5      | Found an opulent altar of Gozag.
  5456 | D:5      | Became a worshipper of Gozag Ym Sagoz the Greedy
  5556 | D:5      | Found a snail-covered altar of Cheibriados.
  6027 | D:5      | Found a bloodstained altar of Trog.
  6145 | D:6      | Reached skill level 1 in Shields
  6253 | D:6      | Found a one-way gate to the infinite horrors of the Abyss.
  6253 | D:6      | Found a corrupted altar of Lugonu.
  6306 | D:6      | Reached skill level 7 in Unarmed Combat
  6318 | D:6      | Reached XP level 8. HP: 30/67 MP: 9/11
  6365 | D:6      | Reached skill level 5 in Fighting
  6529 | D:6      | Found a sand-covered staircase.
  6535 | Ossuary  | Entered an ossuary
  7018 | D:6      | Got a slimy rapier
  7019 | D:6      | Identified the +3 rapier of the Stork {vorpal, rPois rN+
                  | Dex-2} (You found it on level 6 of the Dungeon)
  7787 | D:6      | Learned a level 5 spell: Blade Hands
  8233 | D:7      | Reached skill level 8 in Unarmed Combat
  8657 | D:7      | Reached XP level 9. HP: 73/75 MP: 13/13
  8734 | D:7      | Reached skill level 5 in Transmutations
  8843 | D:7      | Found a staircase to the Ecumenical Temple.
  9283 | D:8      | Found a basalt altar of Yredelemnul.
  9622 | D:8      | Found an ornate altar of the Wu Jian Council.
  9688 | D:8      | Found a broken altar of Ashenzari.
  9848 | D:8      | Found a staircase to the Lair.
  9848 | D:8      | Noticed an elephant
  9848 | D:8      | Noticed a death yak
 10020 | D:8      | Reached skill level 9 in Unarmed Combat
 10103 | D:8      | Killed an elephant
 10106 | D:8      | Killed a death yak
 10476 | D:8      | Found a shadowy altar of Dithmenos.
 10476 | D:8      | Found an iron altar of Okawaru.
 10477 | D:8      | Found a sacrificial altar of Ru.
 10530 | D:8      | Noticed a komodo dragon
 10541 | D:8      | Reached XP level 10. HP: 69/86 MP: 14/16
 10548 | D:8      | Reached skill level 10 in Unarmed Combat
 11443 | D:8      | Reached skill level 5 in Spellcasting
 11849 | Lair:1   | Entered Level 1 of the Lair of Beasts
 12609 | Lair:1   | HP: 4/88 [polar bear (2)]
 12892 | Lair:2   | Reached skill level 11 in Unarmed Combat
 13032 | Lair:2   | Learned a level 2 spell: Poisonous Vapours
 13248 | Lair:2   | Noticed a cane toad
 13254 | Lair:2   | Killed a cane toad
 13343 | Lair:2   | Got a heavily runed pewter ring
 13344 | Lair:2   | Identified the ring "Nantier" {rPois Will+ Slay+3} (You
                  | found it on level 2 of the Lair of Beasts)
 13482 | Lair:2   | Reached XP level 11. HP: 80/95 MP: 6/20
 14126 | Lair:3   | Found a hole to the Spider Nest.
 14139 | Lair:3   | Noticed a seven-headed hydra
 14154 | Lair:3   | Killed a seven-headed hydra
 14300 | Lair:3   | You fall into a shaft and drop 2 floors!
 14348 | Lair:5   | Noticed Nessos
 14349 | Lair:5   | Noticed Nessos
 14349 | Lair:5   | Nessos changed into Nessos the yaktaur
 14350 | Lair:5   | Noticed Nessos
 14350 | Lair:5   | Nessos the yaktaur changed into Nessos the komodo dragon
 14357 | Lair:5   | Killed Nessos the komodo dragon
 14401 | Lair:4   | Noticed a catoblepas
 14409 | Lair:4   | Killed a catoblepas
 14487 | Lair:4   | Noticed a swamp dragon
 14490 | Lair:4   | Noticed an alligator
 14508 | Lair:4   | Reached skill level 12 in Unarmed Combat
 15425 | Lair:3   | Upgraded the game from 0.27-a0-155-g177a798329 to
                  | 0.27-a0-170-g607d9e9d85
 15607 | Lair:4   | Noticed an eight-headed hydra
 15612 | Lair:4   | Noticed a four-headed hydra
 15728 | Lair:4   | Noticed a six-headed hydra
 15737 | Lair:4   | Killed a six-headed hydra
 15738 | Lair:4   | Reached skill level 10 in Fighting
 15746 | Lair:4   | Reached XP level 12. HP: 37/106 MP: 14/22
 15895 | Lair:4   | Reached skill level 13 in Unarmed Combat
 15956 | Lair:4   | Slain by an alligator

Illustrated notes

Levels and vault maps discovered:
D:1:      saegor_arrival_under_anarchy, layout_loops_corners
D:2:      minmay_angry_zag, layout_loops_ring, makhleb_blood_cavern_becter,
          uniq_jessica, uniq_terence
D:3:      layout_basic, dancing_weapons_uskayaw, serial_curves, eino_curves_04,
          eino_curves_03
D:4:      layout_rooms, marbit_many_paths, serial_co_window_serial,
          co_window_paths_a, co_window_paths_a, co_window_cross_1,
          co_window_paths_a, co_window_corner_a, co_window_of_opportunity_a,
          co_window_of_opportunity_a, co_window_corner_a, co_window_paths_b,
          co_window_broadway_c, co_window_2corner, co_window_broadway_c,
          co_window_4corner_a, glass_columns_b, glass_columns_a,
          glass_columns_c, glass_columns_a, glass_columns_b
D:5:      layout_basic, lightli_temple_of_fire,
          nicolae_gozag_cash_rules_everything_around_me, slow_altar_2,
          small_statue_intersection
D:6:      layout_gridville, nicolae_ossuary_entry_monument,
          amcnicky_altar_lugonu_corruption
D:7:      layout_basic, minmay_temple_entry_ruins
D:8:      layout_basic, nicolae_overflow_hidden_temple, kennysheep_mini,
          overflow_temple_1_default, chequers_temple_overflow_statue_of_worship,
          david_lair_generic, st_stairs_3
Lair:1:   layout_cave_pods, serial_bayou_pond_c
Lair:2:   layout_gridlike
Lair:3:   layout_regular_city, dummy_spider_entry,
          portal_ice_cave_entry_ice_beasts
Lair:4:   onia_ninara_swampy_vault, layout_cave_shapes,
          elwin_shoals_entry_stream, serial_bayou_pond_d,
          kilobyte_rumbling_trees
Lair:5:   layout_gridlike, nicolae_volcano_entry_two_sided,
          infiniplex_staircase_pool_2, minmay_lair_oklob_chamber,
          serial_bayou_shore_a, grunt_megastairs_4, uniq_nessos

Skill      XL: |  1  2  3  4  5  6  7  8  9 10 11 12 |
---------------+-------------------------------------+-----
Fighting       | 2 3 4 6 7 8 10 | 10.2
Unarmed Combat | 4 5 6 7 8 9 11 12 13 | 13.1
Transmutations | 3 4 6 7 8 |  8.3
Shields        | 2 4 |  4.0
Spellcasting   | 3 4 6 |  6.9
Dodging        | 3 |  3.5

Action                   |  1- 3 |  4- 6 |  7- 9 | 10-12 || total
-------------------------+-------+-------+-------+-------++-------
Melee: Unarmed           |    90 |   235 |   475 |   419 ||  1219
       Headbutt          |    10 |     8 |    42 |    16 ||    76
       Kick              |     9 |    20 |    86 |    23 ||   138
       Tailslap          |     8 |    22 |    59 |    42 ||   131
       Punch             |       |     4 |     1 |     8 ||    13
Throw: Stone             |       |     5 |       |       ||     5
       Throwing net      |       |     2 |       |       ||     2
       Dart              |       |       |     2 |     4 ||     6
 Cast: Beastly Appendage |    18 |    11 |    35 |     9 ||    73
       Wereblood         |     2 |     3 |    10 |     6 ||    21
       Spider Form       |       |       |     3 |     2 ||     5
       Blade Hands       |       |       |       |    19 ||    19
       Poisonous Vapours |       |       |       |     4 ||     4
Evoke: Wand              |       |       |       |     3 ||     3
       Phantom mirror    |       |       |       |     1 ||     1
  Use: Potion            |       |     2 |       |     1 ||     3
       Scroll            |       |     9 |    11 |     6 ||    26
 Stab: Sleeping          |     1 |     1 |       |       ||     2
       Distracted        |       |     1 |     1 |     1 ||     3
Armor: Skin              |    26 |    63 |   146 |   163 ||   398
Dodge: Dodged            |    48 |   121 |   192 |   192 ||   553
Block: Buckler           |       |       |    53 |    43 ||    96

Table legend: (Time is in decaauts)
 A = Elapsed time spent in this place.
 B = Non-inter-level travel time spent in this place.
 C = Inter-level travel time spent in this place.
 D = Time resting spent in this place.
 E = Time spent auto-exploring this place.
 F = Levels seen in this place.
 G = Mean time per level.
                   A        B        C        D        E       F      G
               +--------+--------+--------+--------+--------+-----+--------+
         Total |  15782 |  15449 |    333 |      0 |  12706 |  14 | 1127.3 |
       Dungeon |  11305 |  11043 |    262 |      0 |   9176 |   8 | 1413.1 |
          Lair |   4033 |   3962 |     71 |      0 |   3223 |   5 |  806.6 |
       Ossuary |    443 |    443 |      0 |      0 |    307 |   1 |  443.0 |
               +--------+--------+--------+--------+--------+-----+--------+

Top non-repeatable levels by time:
     D:8: 2539 daAuts
     D:2: 1397 daAuts
     D:4: 1339 daAuts
  Lair:3: 1303 daAuts
     D:7: 1283 daAuts
     D:1: 1274 daAuts
     D:6: 1265 daAuts
     D:5: 1137 daAuts
     D:3: 1067 daAuts
  Lair:2: 1020 daAuts
  Lair:1: 1013 daAuts
  Lair:4: 595 daAuts
 Ossuary: 443 daAuts
  Lair:5: 100 daAuts
